 Dungeon Crawl Stone Soup version 0.29.1-2-gbd0b4ee654 (webtiles) character file.

Game seed: 17224552311077296695

172 GorkyZ the Poker (level 5, 0/41 HPs)
             Began as a Demonspawn Gladiator on Nov 20, 2022.
             Slain by an orc priest
             ... wielding a +0 whip
              (1 damage)
             ... on level 4 of the Dungeon.
             The game lasted 00:06:43 (3100 turns).

GorkyZ the Poker (Demonspawn Gladiator)             Turns: 3100, Time: 00:06:44

Health: 0/41       AC: 11    Str: 16    XL:     5   Next: 27%
Magic:  0/5        EV:  7    Int:  9    God:
Gold:   141        SH:  0    Dex: 15    Spells: 4/4 levels left

rFire   . . .      SeeInvis .   o - +0 spear
rCold   . . .      Faith    .   (no shield)
rNeg    . . .      Spirit   +   s - +0 chain mail
rPois   .          Reflect  .   c - +0 helmet
rElec   .          Harm     .   (no cloak)
rCorr   .          Rampage  .   (no gloves)
Will    .....                   r - +1 pair of boots
Stlth   ..........              (no amulet)
HPRegen 0.13/turn               (no ring)
MPRegen 0.18/turn               (no ring)

@: no status effects
A: powered by death 1, magic shield, magic regeneration, weakness stinger 1
a: no special abilities


You were on level 4 of the Dungeon.
You visited 1 branch of the dungeon, and saw 4 of its levels.

You collected 141 gold pieces.

Inventory:

Hand Weapons
 a - a +0 trident
 o - a +0 spear (weapon)
Missiles
 d - 3 throwing nets (quivered)
 e - a javelin
Armour
 b - a +0 leather armour
 c - a +0 helmet (worn)
 j - a +0 ring mail
 k - a +0 pair of gloves
 r - a +1 pair of boots (worn)
 s - a +0 chain mail (worn)
Jewellery
 f - an amulet of guardian spirit
 l - a +6 ring of strength
Scrolls
 g - a scroll of fear {unknown}
 i - 2 scrolls of vulnerability
 m - 2 scrolls of identify
 n - 2 scrolls of noise
Potions
 h - a potion of curing


   Skills:
 + Level 3.0 Fighting
 + Level 3.4 Polearms
 + Level 2.7 Throwing
 + Level 1.7 Armour
 + Level 3.4 Dodging


You had 4 spell levels left.
You didn't know any spells.
Your spell library contained the following spells:

 Spells                   Type           Power      Damage    Failure   Level
 Slow                     Hex            0%         N/A       100%        1
 Confusing Touch          Hex            0%         N/A       100%        3
 Summon Guardian Golem    Hex/Summ       0%         N/A       100%        3
 Vampiric Draining        Necr           0%         2d6       100%        3
 Orb of Destruction       Conj           0%         9d5       100%        7
 Spellforged Servitor     Conj/Summ      0%         N/A       100%        7


Dungeon Overview and Level Annotations

Branches:
Dungeon (4/15)
 Temple: D:4-7

Altars:
Ru


Innate Abilities, Weirdness & Mutations

You regenerate a little health from kills.
When hurt, damage is shared between your health and your magic reserves.
You regenerate magic rapidly.
You have a small tail.


Message History

You barely miss something. The orc barely misses you.
The orc completely misses you. Something hits you but does no damage.
The orc barely misses you.
You closely miss something. The orc hits you with a +0 club.
The orc hits you but does no damage. The orc barely misses you.
You hear some strange, mumbled words.
A magic dart appears from out of thin air!
The magic dart hits you.
* * * LOW HITPOINT WARNING * * *
The orc attacks as you move away! The orc barely misses you.
You hear some strange, mumbled words.
A magic dart appears from out of thin air!
The magic dart hits you but does no damage.
You feel better. The orc hits you but does no damage. x2
The orc closely misses you.
You hear some strange, mumbled words.
Something tries to affect you, but you resist.
You barely miss something. The orc hits you but does no damage.
The orc hits you from afar with a +2 vampiric trident.
* * * LOW HITPOINT WARNING * * *
The orc barely misses you. Something hits you but does no damage.
The orc priest casts a cantrip, but nothing happens.
Something hits you.
* * * LOW HITPOINT WARNING * * *
The orc priest attacks as you move away!
The orc priest barely misses you.
The orc priest attacks as you move away!
The orc priest hits you with a +0 whip.
* * * LOW HITPOINT WARNING * * *
The orc attacks as you move away! The orc hits you but does no damage.
A magic dart appears from out of thin air!
The magic dart hits you.
* * * LOW HITPOINT WARNING * * *
The orc priest barely misses you.
You barely miss the orc priest. You tail-slap the orc priest.
The orc priest is lightly wounded.
The orc attacks as you move away! The orc hits you with a +0 club.
* * * LOW HITPOINT WARNING * * *
The orc priest hits you with a +0 whip.
You die...

#..............
##..............
#...............
#............<..
#.....#.#.......
###.o#####......
#...o(###...#... .
#....o#....##... .#
##....o@...# .. ..#
##.......#.## ##.#####..#
#........# # ...#......
##....###..(##. #.#......
#....# #.....##<.......
#####..## #.....###.......
##.##....# #....##.......#
##........#####.....#.....#..
#.....##...##......##..#.....


You could see an orc priest and 3 orcs.

Vanquished Creatures
  An iguana (D:3)
  Natasha (D:4)
  Robin (D:4)
  An adder (D:3)
  2 worms
  4 dart slugs
  3 orcs (D:4)
  7 endoplasms
  4 giant cockroaches
  16 goblins
  7 hobgoblins
  7 jackals
  2 quokkas
  5 ball pythons
  9 bats
  A frilled lizard (D:1)
  3 kobolds
  4 rats
78 creatures vanquished.

Notes
Turn   | Place    | Note
-------+----------+-------------------------------------------
     0 | D:1      | GorkyZ the Demonspawn Gladiator began the quest for the
                  | Orb.
     0 | D:1      | Reached XP level 1. HP: 16/16 MP: 1/1
   254 | D:1      | Gained mutation: You regenerate magic rapidly. [demonic
                  | ancestry]
   254 | D:1      | Reached XP level 2. HP: 22/22 MP: 2/2
  1306 | D:2      | Gained mutation: You regenerate a little health from kills.
                  | [demonic ancestry]
  1306 | D:2      | Reached XP level 3. HP: 27/28 MP: 3/3
  1660 | D:2      | Found a faded altar of an unknown god.
  2078 | D:3      | Reached skill level 1 in Armour
  2166 | D:3      | Gained mutation: You have a small tail. [demonic ancestry]
  2166 | D:3      | Reached XP level 4. HP: 19/34 MP: 4/4
  2336 | D:3      | Found a sacrificial altar of Ru.
  2725 | D:4      | Noticed Natasha
  2744 | D:4      | Killed Natasha
  2745 | D:4      | Gained mutation: When hurt, damage is shared between your
                  | health and your magic reserves. [demonic ancestry]
  2745 | D:4      | Reached XP level 5. HP: 10/40 MP: 5/5
  2981 | D:4      | Noticed Robin
  2996 | D:4      | Killed Robin
  3100 | D:4      | HP: 1/41 [orc/+0 club (2)]
  3100 | D:4      | Slain by an orc priest

Illustrated notes

Levels and vault maps discovered:
D:1:      matt_arrival_los_fun, layout_basic
D:2:      layout_loops_ring, hellmonk_ecumenical_altar_run_dry, minivault_25,
          grunt_decor_clamped, nrook_campfire, minmay_pentomino_z4
D:3:      layout_rooms, nicolae_ru_awakened_eye
D:4:      layout_cave_pools, slow_altar_1, minmay_temple_entry_proselytizer,
          cheibrodos_sewer_entry_drain, uniq_sigmund, uniq_robin, uniq_ijyb,
          uniq_natasha

Skill      XL: |  1  2  3  4  5 |
---------------+----------------+-----
Throwing       | 2 |  2.7
Polearms       | 3 |  3.4
Dodging        | 3 |  3.4
Armour         | 1 |  1.7
Fighting       | 3 |  3.0

Action                   |  1- 3 |  4- 6 || total
-------------------------+-------+-------++-------
Melee: Trident           |    86 |       ||    86
       Punch             |     2 |     3 ||     5
       Spear             |    63 |   182 ||   245
       Tailslap          |       |    29 ||    29
  Use: Scroll            |     8 |       ||     8
       Potion            |     2 |     2 ||     4
Armor: Leather armour    |     2 |       ||     2
       Ring mail         |    33 |       ||    33
       Chain mail        |     7 |   110 ||   117
Dodge: Dodged            |    76 |    68 ||   144
